 Dungeon Crawl Stone Soup version 0.21-a0-286-g6fcecc0 (webtiles) character file.

170 aurelian the Slasher (level 5, -3/45 HPs)
             Began as a Demigod Wanderer on Sept 26, 2017.
             Slain by Grinder (7 damage)
             ... on level 3 of the Dungeon.
             The game lasted 00:05:35 (2855 turns).

aurelian the Slasher (Demigod Wanderer)             Turns: 2855, Time: 00:05:35

Health: -3/45      AC:  8    Str: 16    XL:     5   Next: 5%
Magic:  8/8        EV:  9    Int: 17    God:
Gold:   155        SH:  0    Dex: 15    Spells: 4/4 levels left

rFire    + . .     SeeInvis .   a - +2 falchion
rCold    + . .     Gourm    .   (no shield)
rNeg     . . .     Faith    .   r - +0 scale mail
rPois    +         Spirit   .   v - +0 helmet
rElec    +         Reflect  .   (no cloak)
rCorr    +         Harm     .   q - +0 pair of gloves (curse)
MR       .....                  (no boots)
Stlth    +.........             (no amulet)
HPRegen  0.15/turn              (no ring)
MPRegen  0.11/turn              (no ring)

@: resistant, very slightly contaminated, hasted, invisible, very quick
A: high mp 1
a: no special abilities


You were on level 3 of the Dungeon.
You were not hungry.

You visited 1 branch of the dungeon, and saw 3 of its levels.

You collected 155 gold pieces.

Inventory:

Hand Weapons
 a - a +2 falchion (weapon)
 e - a +0 dagger
 w - a +2 trident of venom
Missiles
 j - 93 stones (quivered)
Armour
 d - a +0 robe
 k - a +0 leather armour
 n - a +0 plate armour
 q - a cursed +0 pair of gloves (worn)
 r - a +0 scale mail (worn)
 s - a +0 pair of gloves
 v - a +0 helmet (worn)
Jewellery
 h - an uncursed amulet of rage {unknown}
Wands
 c - a wand of random effects (3/48)
Scrolls
 g - 3 scrolls of teleportation {unknown}
 m - 2 scrolls of blinking {unknown}
 t - a scroll of fear {unknown}
 u - a scroll of remove curse {unknown}
 y - a scroll of identify {unknown}
Comestibles
 b - a chunk of flesh
 f - a bread ration
 l - 2 meat rations


   Skills:
 - Level 3.1 Fighting
 * Level 4.4 Long Blades
   Level 1.0 Axes
 - Level 1.7 Armour
 - Level 1.7 Stealth
 - Level 1.0 Evocations


You had 4 spell levels left.
You didn't know any spells.

Dungeon Overview and Level Annotations

Branches:
Dungeon (3/15)

Annotations:
D:3 Grinder, Sigmund


Innate Abilities, Weirdness & Mutations

You have an increased reservoir of magic. (+10% MP)


Message History

Grinder hits you.
You writhe in agony.
You slash Grinder!
Grinder is heavily wounded.
Grinder gestures at you. Pain shoots through your body!
You hit Grinder.
Grinder is heavily wounded.
Grinder hits you but does no damage.
Unknown command.
It was a potion of invisibility.
You fade into invisibility!
Grinder hits you!
* * * LOW HITPOINT WARNING * * *
You are very lightly contaminated with residual magic.
It was a potion of resistance.
You feel protected. Grinder gestures at you.
You struggle to resist.
It was a potion of haste.
You feel yourself speed up. Grinder hits you!
You die...

........# #.# ##.###### #.#
##.# #.# ##.# #.# ...# #..
#..# #.. #..####### ##.
.#...........####### ##
#..###.........5@..###########
#
.......###########.#.........#
# ##.##### #.#.#######.# #
##.###############.#.# #.# ##
##...................# #.###.
#################.### #.....
#.# #####. #.# ## #.# #


You could see Grinder.

Vanquished Creatures
  The ghost of plsesad the Sneak, an amateur SpEn (D:3)
  Jessica (D:3)
  A gnoll (D:1)
  2 adders (D:2)
  2 worms (D:2)
  A dart slug (D:2)
  4 leopard geckos
  A giant cockroach (D:2)
  7 hobgoblins
  2 jackals (D:3)
  11 bats
  3 goblins
  7 kobolds
  2 rats
45 creatures vanquished.

Notes
Turn   | Place    | Note
-------+----------+-------------------------------------------
     0 | D:1      | aurelian the Demigod Wanderer began the quest for the Orb.
     0 | D:1      | aurelian set off with: a +2 falchion, a potion of lignification, a wand of random effects (15/48), a +0 robe, a +0 dagger, a bread ration
     0 | D:1      | Reached XP level 1. HP: 18/18 MP: 3/3
   172 | D:1      | Reached XP level 2. HP: 10/26 MP: 5/5
   783 | D:1      | Reached skill level 2 in Long Blades
  1288 | D:2      | Reached XP level 3. HP: 28/31 MP: 6/6
  1607 | D:2      | Reached skill level 3 in Long Blades
  2154 | D:3      | Noticed plsesad's ghost (amateur SpEn)
  2185 | D:3      | Killed plsesad's ghost
  2185 | D:3      | Reached skill level 4 in Long Blades
  2185 | D:3      | Reached XP level 4. HP: 38/38 MP: 7/7
  2417 | D:3      | Noticed Jessica
  2421 | D:3      | Killed Jessica
  2421 | D:3      | Reached XP level 5. HP: 45/45 MP: 8/8
  2674 | D:3      | Noticed Sigmund
  2836 | D:3      | Noticed Grinder
  2842 | D:3      | Paralysed by Grinder for 3 turns
  2855 | D:3      | Slain by Grinder

Vault maps used:
D:1:      wheals_arrival_linesprint
D:2:      minmay_vboxes
D:3:      uniq_sigmund, uniq_jessica, uniq_grinder

Skill      XL: |  1  2  3 |
---------------+----------+-----
Fighting       | 3 |  3.1
Long Blades    | 2 4 |  4.4
Axes           | |  1.0
Armour         | |  1.7
Stealth        | |  1.7
Evocations     | |  1.0

Action                   |  1- 3 |  4- 6 || total
-------------------------+-------+-------++-------
Melee: Falchion          |    92 |    35 ||   127
Evoke: Wand              |     8 |     4 ||    12
  Use: Potion            |     1 |     4 ||     5
 Stab: Sleeping          |     5 |       ||     5
  Eat: Chunk             |     4 |     2 ||     6
Armor: Robe              |     2 |       ||     2
       Leather armour    |    15 |       ||    15
       Skin              |    25 |       ||    25
       Scale mail        |    15 |    25 ||    40
Dodge: Dodged            |    45 |    18 ||    63
       Rpst.: Falchion   |    15 |     8 ||    23

Table legend:
 A = Spawn XP
 B = Non-spawn XP
 C = Spawn XP percentage of total XP
 D = Spawn monster count
 E = Non-spawn monster count
 F = Spawn count percentage of total count
 G = Total turns spent on level
                    A         B        C        D         E        F      G
               +---------+---------+-------+---------+---------+-------+---------
         Total |       0 |     244 |   0.0 |       0 |      45 |   0.0 |  2855
               +---------+---------+-------+---------+---------+-------+---------
           D:1 |       0 |      37 |   0.0 |       0 |      17 |   0.0 |  1158
           D:2 |       0 |      60 |   0.0 |       0 |      15 |   0.0 |   944
           D:3 |       0 |     147 |   0.0 |       0 |      13 |   0.0 |   753
               +---------+---------+-------+---------+---------+-------+---------
